 Dungeon Crawl Stone Soup version 0.28-a0-724-g66f9036eb4 (webtiles) character file.

Game seed: 2486926307097701226

4007 pascalblue the Destroyer (level 10, -27/50 HPs)
             Began as a Deep Elf Conjurer on Oct 26, 2021.
             Was a Follower of Vehumet.
             Killed by an exploding fulminant prism (44 damage)
             ... on level 8 of the Dungeon.
             The game lasted 00:27:27 (9531 turns).

pascalblue the Destroyer (Deep Elf Conjurer)        Turns: 9531, Time: 00:27:27

Health: -27/50     AC:  5    Str:  4    XL:     10   Next: 3%
Magic:  16/24      EV: 12    Int: 27    God:    Vehumet [*.....]
Gold:   365        SH:  0    Dex: 13    Spells: 3/25 levels left

rFire   . . .      SeeInvis .   u - staff of conjuration
rCold   . . .      Faith    .   (no shield)
rNeg    . . .      Spirit   .   h - +2 robe {Archmagi}
rPois   .          Reflect  .   (no helmet)
rElec   .          Harm     .   t - +0 cloak
rCorr   .          Rampage  .   (no gloves)
Will    +....      Archmagi +   (no boots)
Stlth   ++........              (no amulet)
HPRegen 0.16/turn               (no ring)
MPRegen 0.19/turn               (no ring)

@: no status effects
A: no striking features
a: Renounce Religion


You were on level 8 of the Dungeon.
You worshipped Vehumet.
Vehumet was aware of your devotion.
You visited 2 branches of the dungeon, and saw 9 of its levels.

You collected 365 gold pieces.

Inventory:

Hand Weapons
 f - a +2 dagger of flaming
 j - a +4 hand axe of freezing
 o - a +3 short sword of speed
Armour
 a - a +2 robe
 h - a +2 robe of the Archmagi (worn)
 t - a +0 cloak (worn)
Magical Staves
 u - a staff of conjuration (weapon)
Wands
 c - a wand of paralysis (7)
Scrolls
 i - 3 scrolls of amnesia
 n - 2 scrolls of vulnerability
Potions
 b - 2 potions of invisibility
 d - a potion of flight {unknown}
 e - a potion of magic {unknown}
 g - 2 potions of cancellation
 k - 5 potions of curing
 l - 3 potions of lignification
 m - 2 potions of brilliance {unknown}
 p - 2 potions of might
 q - a potion of mutation {unknown}
 r - a potion of berserk rage {unknown}


   Skills:
 - Level 2.4 Dodging
 - Level 2.4 Stealth
 + Level 8.2 Spellcasting
 * Level 10.2 Conjurations
 + Level 7.0 Hexes
 + Level 5.1 Translocations
 * Level 7.3 Fire Magic
 + Level 2.3 Earth Magic


You had 3 spell levels left.
You knew the following spells:

 Your Spells              Type           Power      Damage    Failure   Level
a - Magic Dart            Conj           100%       1d8       1%          1
b - Searing Ray           Conj           100%       2d8       1%          2
c - Dazzling Flash        Conj/Hex       100%       N/A       1%          3
d - Fulminant Prism       Conj/Hex       46%        3d21      1%          4
e - Iskenderun's Mystic   Conj/Tloc      87%        2d17      2%          4
f - Foxfire               Conj/Fire      100%       2x1d9     1%          1
g - Conjure Flame         Conj/Fire      92%        6-21      1%          3
h - Teleport Other        Tloc           55%        N/A       1%          3
i - Sandblast             Erth           70%        2d15      1%          1

Your spell library contained the following spells:

 Spells                   Type           Power      Damage    Failure   Level
 Gell's Gravitas          Tloc           27%        N/A       1%          3
 Inner Flame              Hex/Fire       66%        N/A       1%          3
 Lesser Beckoning         Tloc           55%        N/A       1%          3
 Animate Skeleton         Necr           32%        N/A       5%          1
 Beastly Appendage        Tmut           32%        N/A       5%          1
 Pain                     Necr           64%        1d7       5%          1
 Wereblood                Tmut           16%        N/A       8%          2
 Spider Form              Tmut/Pois      8%         N/A       16%         3
 Vampiric Draining        Necr           8%         2d7       16%         3
 Flame Wave               Conj/Fire      92%        3d15      1%          4


Dungeon Overview and Level Annotations

Branches:
Dungeon (8/15)             Temple (1/1) D:4
   Lair: D:8-11

Altars:
Ashenzari
Dithmenos
Elyvilon
Fedhas
Gozag
Hepliaklqana
Kikubaaqudgha
Makhleb
Nemelex Xobeh
Okawaru
Qazlal
Ru
Sif Muna
Trog
Uskayaw
Vehumet
Wu Jian

Shops:
D:1 *   D:5 [   D:7 [

Annotations:
D:8 Harold


Message History

Harold the Weathered comes into view.
He is wielding a +2 flail of holy wrath.
Harold shouts!
You see here a wand of mindburst (15).
Casting: Searing Ray (safe; 1% risk of failure)
Confirm with . or Enter, or press ? or * to list all spells.
Aiming: Fulminant Prism (dangerous; 1% risk of failure)
Press: ? - help, Dir - move target You feel a strong surge of power!
You conjure a prism of explosive energy!
A fulminant prism comes into view.
Casting: Fulminant Prism (dangerous; 1% risk of failure)
Confirm with . or Enter, or press ? or * to list all spells.
Aiming: Fulminant Prism (dangerous; 1% risk of failure)
Press: ? - help, Dir - move target You feel a strong surge of power!
You conjure a prism of explosive energy!
A fulminant prism comes into view.
Harold throws a throwing net.
The throwing net barely misses you.
Your fulminant prism crackles loudly.
Found a scroll of fog.
Found a stone staircase leading down.
Harold fires a harpoon shot at you. The harpoon shot hits you!
You are yanked forward by the harpoon shot.
Your fulminant prism explodes!
The blast of energy engulfs you!!
Ouch! That really hurt!
* * * LOW HITPOINT WARNING * * *
The blast of energy engulfs Harold!
Harold is lightly wounded.
Your fulminant prism crackles loudly.
You hear an angry buzzing noise.
You hear a shout!
You hear a loud, deep croak!
You hear an angry hiss.
You hear a shout! x3; You hear a bellow!
You hear a shout! x2
Okay, then.
You feel much better.
Harold hits you with a +2 flail of holy wrath!
Your fulminant prism explodes!
The blast of energy engulfs you!!!
Ouch! That really hurt!
You die...

#......#####
#......#... ..
#......#.####...
+......(........
#....../.#......
#######..#...###
............?.>
#...........#.#
#.....@..#### #
#.....@.......
........#.#≈≈≈≈
.######.#.≈####
### ≈# ≈# #


You could see Harold.

Vanquished Creatures
  Grinder (D:6)
  2 wyverns (D:7)
  7 yaks
  A wraith (D:7)
  A steam dragon (D:6)
  A water moccasin (D:5)
  2 orc warriors (D:7)
  2 black bears
  A necrophage (D:7)
  2 ogres
  A bullfrog (D:6)
  A gnoll sergeant (D:5)
  A scorpion (D:5)
  6 killer bees (D:7)
  6 wights
  A bullfrog zombie (D:6)
  5 hounds
  4 jellies
  A bullfrog skeleton (D:6)
  A gnoll shaman (D:7)
  2 orc priests
  A centaur skeleton (D:7)
  2 iguanas
  3 orc wizards
  A hound zombie (D:5)
  9 gnolls
  5 adders
  2 howler monkey skeletons
  A shadow imp (D:6)
  A white imp (D:5)
  An adder skeleton (D:4)
  2 worms
  A dart slug (D:3)
  12 orcs
  4 endoplasms
  3 giant cockroaches (D:3)
  9 goblins
  16 hobgoblins
  4 jackals
  8 ball pythons
  5 bats
  6 frilled lizards
  10 kobolds
  A quokka skeleton (D:4)
  6 rats
  A fulminant prism (D:7)
163 creatures vanquished.

Vanquished Creatures (others)
  15 foxfires (D:6)
  10 fulminant prisms
25 creatures vanquished.

Grand Total: 188 creatures vanquished

Notes
Turn   | Place    | Note
-------+----------+-------------------------------------------
     0 | D:1      | pascalblue the Deep Elf Conjurer began the quest for the
                  | Orb.
     0 | D:1      | Reached XP level 1. HP: 10/10 MP: 6/6
   155 | D:1      | Found Askapn's Assorted Antiques.
   180 | D:1      | Reached XP level 2. HP: 14/15 MP: 5/8
   212 | D:1      | Learned a level 2 spell: Searing Ray
   525 | D:1      | Reached skill level 5 in Conjurations
  1244 | D:2      | Reached XP level 3. HP: 19/19 MP: 7/10
  1262 | D:2      | You fall into a shaft and drop 1 floor!
  1311 | D:2      | Found a faded altar of an unknown god.
  2169 | D:2      | Learned a level 3 spell: Dazzling Flash
  2230 | D:3      | Reached XP level 4. HP: 24/24 MP: 4/12
  2475 | D:2      | Reached skill level 1 in Hexes
  2861 | D:3      | Reached skill level 6 in Conjurations
  3447 | D:3      | Reached XP level 5. HP: 28/28 MP: 10/13
  4055 | D:4      | Found a staircase to the Ecumenical Temple.
  4085 | Temple   | Entered the Ecumenical Temple
  4135 | Temple   | Became a worshipper of Vehumet
  4556 | D:4      | Noticed an ogre
  4564 | D:4      | Killed an ogre
  4565 | D:4      | Reached skill level 5 in Spellcasting
  4565 | D:4      | Reached XP level 6. HP: 32/32 MP: 10/15
  4605 | D:4      | Learned a level 4 spell: Fulminant Prism
  4610 | D:4      | Learned a level 4 spell: Iskenderun's Mystic Blast
  4612 | D:4      | Learned a level 1 spell: Foxfire
  4805 | D:4      | Reached skill level 7 in Conjurations
  4805 | D:4      | Reached skill level 1 in Fire Magic
  4872 | D:5      | Entered Level 5 of the Dungeon
  4877 | D:5      | Reached skill level 1 in Translocations
  4919 | D:5      | Reached XP level 7. HP: 26/36 MP: 11/17
  5196 | D:5      | Noticed a yak
  5197 | D:5      | Noticed a yak
  5198 | D:5      | Noticed a yak
  5201 | D:5      | Noticed a yak
  5204 | D:5      | Killed a yak
  5207 | D:5      | Noticed a yak
  5208 | D:5      | Killed a yak
  5209 | D:5      | Noticed a yak
  5214 | D:5      | Found Roraph's Antique Armour Boutique.
  5565 | D:5      | Reached skill level 8 in Conjurations
  5565 | D:5      | Reached XP level 8. HP: 27/41 MP: 10/19
  6082 | D:5      | Reached skill level 5 in Hexes
  6087 | D:5      | Reached skill level 5 in Fire Magic
  6649 | D:5      | Reached skill level 9 in Conjurations
  6980 | D:6      | Noticed Grinder
  6986 | D:6      | Killed Grinder
  6987 | D:6      | Reached XP level 9. HP: 45/45 MP: 13/21
  6991 | D:6      | Learned a level 3 spell: Conjure Flame
  6995 | D:6      | Learned a level 3 spell: Teleport Other
  8224 | D:7      | Reached * piety under Vehumet
  8224 | D:7      | Offered knowledge of Sandblast by Vehumet.
  8246 | D:7      | Found an iron altar of Okawaru.
  8307 | D:7      | Learned a level 1 spell: Sandblast
  8706 | D:7      | Reached skill level 1 in Earth Magic
  9094 | D:7      | Found Ympulira's Antique Armour Shop.
  9124 | D:7      | Reached skill level 10 in Conjurations
  9130 | D:7      | Reached skill level 5 in Translocations
  9218 | D:7      | Reached XP level 10. HP: 50/50 MP: 17/24
  9509 | D:8      | Identified a scroll of acquirement
  9509 | D:8      | Acquired a staff of conjuration
  9527 | D:8      | Noticed Harold
  9531 | D:8      | Killed by an exploding fulminant prism

Illustrated notes

Levels and vault maps discovered:
D:1:      dpeg_arrival_rooms_a, layout_basic, serial_shops,
          nicolae_shop_behind_doors, minmay_hedge_maze
D:2:      layout_basic, hellmonk_ecumenical_altar_slurped_away,
          corexii_hall_statues_x, lightli_corner_chamber
D:3:      layout_loops_ring, patterned_corridor
D:4:      cheibrodos_barr_body, layout_basic, minmay_temple_entry_butterflies
D:5:      minmay_general_purpose_star, layout_basic, serial_shops, shop,
          roderic_roman_lattice
D:6:      layout_loops_ring, st_stairs_4, minmay_crossroads, uniq_grinder
D:7:      minmay_chambers_of_fours, layout_basic, kennysheep_okawaru_gauntlet,
          serial_shops, nicolae_shop_window_shopping, kennysheep_generic_room_13
D:8:      cheibrodos_ideogram_h, layout_basic, enter_bailey_5, uniq_harold,
          uniq_maurice
Temple:   compressed_dpeg_circular_temple

Skill      XL: |  1  2  3  4  5  6  7  8  9 |
---------------+----------------------------+-----
Conjurations   | 5 6 7 8 9 10 | 10.2
Spellcasting   | 4 5 6 7 8 |  8.2
Hexes          | 1 3 4 5 7 |  7.0
Fire Magic     | 1 3 5 7 |  7.3
Translocations | 1 2 3 5 |  5.1
Earth Magic    | 2 |  2.3
Dodging        | |  2.4
Stealth        | |  2.4

Action                   |  1- 3 |  4- 6 |  7- 9 | 10-12 || total
-------------------------+-------+-------+-------+-------++-------
 Cast: Magic Dart        |    86 |    62 |    72 |     7 ||   227
       Searing Ray       |       |    16 |    40 |     1 ||    57
       Fulminant Prism   |       |       |     8 |     3 ||    11
       Foxfire           |       |       |     8 |       ||     8
       Iskenderun's Myst |       |       |     4 |       ||     4
  Use: Scroll            |       |       |    17 |     2 ||    19
       Potion            |       |       |       |     1 ||     1
Armor: Robe              |       |     1 |    11 |       ||    12
Dodge: Dodged            |     2 |    12 |    34 |     3 ||    51

Table legend: (Time is in decaauts)
 A = Elapsed time spent in this place.
 B = Non-inter-level travel time spent in this place.
 C = Inter-level travel time spent in this place.
 D = Time resting spent in this place.
 E = Time spent auto-exploring this place.
 F = Levels seen in this place.
 G = Mean time per level.
                   A        B        C        D        E       F      G
               +--------+--------+--------+--------+--------+-----+--------+
         Total |   9534 |   9286 |    248 |   1129 |   6932 |   9 | 1059.3 |
       Dungeon |   9471 |   9223 |    248 |   1129 |   6932 |   8 | 1183.9 |
        Temple |     62 |     62 |      0 |      0 |      0 |   1 |   62.0 |
               +--------+--------+--------+--------+--------+-----+--------+

Top non-repeatable levels by time:
     D:5: 2107 daAuts
     D:7: 1463 daAuts
     D:1: 1384 daAuts
     D:4: 1277 daAuts
     D:2: 1178 daAuts
     D:6: 1067 daAuts
     D:3: 971 daAuts
  Temple: 62 daAuts
     D:8: 22 daAuts
